 Dungeon Crawl Stone Soup version 0.20-a0-923-g548304e (webtiles) character file.

14727 AlphabetPasta the Covert (level 11, -3/56 HPs)
             Began as a Spriggan Wanderer on Mar 26, 2017.
             Was a High Priest of Zin.
             Slain by a manticore (16 damage)
             ... on level 12 of the Dungeon.
             The game lasted 01:31:07 (13663 turns).

AlphabetPasta the Covert (Spriggan Wanderer)       Turns: 13663, Time: 01:31:07

Health: -3/56      AC: 10    Str: 11    XL:     11   Next: 92%
Magic:  18/18      EV: 33    Int: 11    God:    Zin [*****.]
Gold:   611        SH:  0    Dex: 24    Spells: 16/18 levels left

rFire    . . .     SeeInvis +   a - +1 dagger (venom)
rCold    . . .     Gourm    .   (shield restricted)
rNeg     . . .     Faith    .   e - +2 robe
rPois    .         Spirit   .   (helmet restricted)
rElec    .         Reflect  .   s - +2 cloak
rCorr    .         Harm     .   (gloves unavailable)
MR       ++...                  (boots unavailable)
Stlth    ++++++....             o - amulet of regeneration
Regen    0.6/turn               H - +3 ring of protection
MPRegen  0.2/turn               I - ring of protection from magic

@: agile, very quick
A: unfitting armour, see invisible, herbivore 3, speed 3, slow metabolism 2
a: Recite, Vitalisation, Imprison, Sanctuary, Donate Gold, Renounce Religion


You were on level 12 of the Dungeon.
You worshipped Zin.
Zin was extremely pleased with you.
You were not hungry.

You visited 1 branch of the dungeon, and saw 12 of its levels.

You collected 678 gold pieces.
You donated 67 gold pieces to Zin.

Inventory:

Hand Weapons
 a - a +1 dagger of venom (weapon)
 b - a +0 hand crossbow
 c - a +1 antimagic short sword
 d - a +0 rapier of protection
Missiles
 F - 57 bolts
Armour
 e - a +2 robe (worn)
 s - a +2 cloak (worn)
Jewellery
 m - a +2 ring of strength
 o - an amulet of regeneration (around neck)
 u - an uncursed ring of wizardry
 H - a +3 ring of protection (left hand)
 I - a ring of protection from magic (right hand)
 J - an uncursed ring of resist corrosion
 P - an uncursed amulet of magic regeneration {unknown}
Wands
 j - a wand of iceblast (6/15)
 k - a wand of confusion (9/48)
 z - a wand of digging (8/24)
 A - a wand of flame (13/48)
 D - a wand of acid (6/15)
 E - a wand of iceblast (0/15)
 K - a wand of digging (11/24)
 N - a wand of disintegration (17/24)
 O - a wand of flame (10/48)
 R - a wand of confusion (25/48)
Scrolls
 n - 6 scrolls of teleportation
 q - 3 scrolls of recharging
 t - a scroll of fog
 y - a scroll of amnesia
 B - 2 scrolls of remove curse
 C - 2 scrolls of enchant armour
Potions
 h - 4 potions of brilliance
 i - 7 potions of curing
 p - 2 potions of magic
 r - 2 potions of ambrosia
 v - a potion of invisibility
 w - 2 potions of flight
 x - a potion of cancellation {unknown}
Miscellaneous
 M - a fan of gales
Comestibles
 f - 7 bread rations
 g - 17 royal jellies


   Skills:
 + Level 6.1 Fighting
 * Level 8.5 Short Blades
 * Level 9.0 Crossbows
 + Level 9.2 Dodging
 * Level 11.3 Stealth
 + Level 4.3 Spellcasting
 + Level 5.7 Translocations
   Level 2.6 Transmutations
   Level 1.0 Air Magic
 + Level 7.2 Invocations
 + Level 6.5 Evocations


You had 16 spell levels left.
You knew the following spells:

 Your Spells              Type           Power        Failure   Level  Hunger
a - Blink                 Tloc           N/A          3%          2    ##.....


Dungeon Overview and Level Annotations

Branches:
Dungeon (12/15)            Temple (0/1) D:6            Lair (0/6) D:11
    Orc (0/2) D:10

Altars:
Fedhas
Nemelex Xobeh
Qazlal
Ru
Trog
Yredelemnul
Zin

Annotations:
D:5 edsrzf's ghost, novice SpAs
D:10 stairway to 2 rust monsters


Innate Abilities, Weirdness & Mutations

You are very small and have problems with some larger weapons.
You are too small for most types of armour.
You have supernaturally acute eyesight. (SInv)
You are a herbivore.
You cover ground extremely quickly.
You need consume almost no food.


Message History

Aim: a manticore (moderately wounded, poisoned, chance to defeat MR: 48%)
The manticore resists with some effort.
Evoking this partially-identified wand wasted a few charges.
The manticore completely misses you. x3
Evoke which item? (* to show all) (? for menu, Esc to quit)
Aiming: Confuse (will waste charges)
Press: ? - help, Shift-Dir - straight line, f/p - manticore
Aim: a manticore (heavily wounded, poisoned, chance to defeat MR: 48%)
The manticore resists with some effort.
Evoking this partially-identified wand wasted a few charges.
The manticore closely misses you. The manticore completely misses you.
The manticore misses you.
Evoke which item? (* to show all) (? for menu, Esc to quit)
Aiming: Confuse (will waste charges)
Press: ? - help, Shift-Dir - straight line, f/p - manticore
Aim: a manticore (heavily wounded, poisoned, chance to defeat MR: 48%)
The manticore resists with some effort.
Evoking this partially-identified wand wasted a few charges.
The manticore bites you!
You die...

#.# #.#.# #.#
#.#(#
#.###.#.#######
#.#...#.......#
#.#.......#
#.#######.#
#.......#.#
#######.#.#
#.#@# #.#H#
#.#.# #.#.#
#.#.# #.#..
######### #.###
........# #.#
........#.#.#


You could see a manticore.

Vanquished Creatures
  A hydra (D:10)
  Harold (D:11)
  A two-headed ogre (D:10)
  Pikel (D:9)
  An ugly thing (D:12)
  2 manticores (D:12)
  2 centaur zombies (D:11)
  A cyclops (D:12)
  An elephant (D:11)
  A kobold demonologist (D:11)
  2 trolls
  A slime creature (D:11)
  Prince Ribbit (D:5)
  A hippogriff (D:11)
  A wyvern (D:9)
  5 yaks
  A basilisk (D:11)
  Grum (D:11)
  2 hungry ghosts
  2 wargs (D:10)
  Edmund (D:5)
  An acid dragon (D:12)
  7 orc warriors
  A slave (D:9)
  A hornet zombie (D:11)
  2 phantoms
  3 eyes of draining (D:5)
  An ice beast (D:6)
  7 ogres
  2 necrophages
  4 centaurs
  3 wolves (D:11)
  3 crocodiles
  3 big kobolds
  3 bullfrogs
  A gnoll sergeant (D:9)
  A wyvern skeleton (D:9)
  3 scorpions
  9 killer bees
  10 wights
  2 howler monkeys (D:7)
  6 crimson imps
  10 hounds
  2 quasits
  18 orc wizards
  2 centaur skeletons
  A gnoll shaman (D:6)
  14 orc priests
  7 jellies
  5 worker ants
  An iguana (D:11)
  A hound zombie (D:7)
  5 worker ant zombies
  A howler monkey zombie (D:8)
  14 adders
  8 gnolls
  A shadow imp (D:7)
  6 oozes
  2 worms
  A dart slug (D:2)
  8 leopard geckos
  55 orcs
  A ball python (D:4)
  2 giant cockroaches
  9 goblins
  7 hobgoblins
  5 jackals
  4 quokkas
  8 bats
  2 frilled lizards
  15 kobolds
  2 leopard gecko skeletons
  3 rats
323 creatures vanquished.

Notes
Turn   | Place    | Note
-------+----------+-------------------------------------------
     0 | D:1      | AlphabetPasta the Spriggan Wanderer began the quest for the Orb.
     0 | D:1      | AlphabetPasta set off with: a +2 robe, a +0 hand crossbow, 28 bolts, a +0 spear, a +0 dagger, a bread ration
     0 | D:1      | Reached XP level 1. HP: 12/12 MP: 2/2
    18 | D:1      | Noticed a minotaur skeleton
   361 | D:1      | Reached XP level 2. HP: 16/16 MP: 3/3
   538 | D:1      | You fall through a shaft!
   546 | D:2      | Reached skill level 1 in Short Blades
   660 | D:2      | Reached skill level 4 in Stealth
   728 | D:2      | Reached XP level 3. HP: 20/20 MP: 4/4
  1635 | D:3      | Found a glowing silver altar of Zin.
  1685 | D:3      | Became a worshipper of Zin the Law-Giver
  1685 | D:3      | Reached * piety under Zin
  1809 | D:3      | Reached XP level 4. HP: 24/24 MP: 5/5
  2036 | D:3      | Found a bloodstained altar of Trog.
  2137 | D:3      | Reached skill level 1 in Crossbows
  2624 | D:4      | Reached ** piety under Zin
  2624 | D:4      | Reached skill level 5 in Stealth
  2624 | D:4      | Reached skill level 1 in Invocations
  2624 | D:4      | Reached XP level 5. HP: 28/28 MP: 6/6
  2730 | D:4      | Found a sparkling altar of Nemelex Xobeh.
  2751 | D:4      | Reached XP level 6. HP: 29/32 MP: 8/8
  3174 | D:4      | Reached XP level 7. HP: 19/37 MP: 9/9
  3346 | D:5      | Entered Level 5 of the Dungeon
  3365 | D:5      | Found a basalt altar of Yredelemnul.
  3368 | D:5      | Noticed edsrzf's ghost (novice SpAs)
  3459 | D:5      | Noticed Prince Ribbit
  3471 | D:5      | Killed Prince Ribbit
  3471 | D:5      | Reached skill level 6 in Stealth
  3720 | D:5      | Found a bloodstained altar of Trog.
  3749 | D:5      | Reached XP level 8. HP: 42/42 MP: 0/11
  3799 | D:5      | Reached skill level 5 in Dodging
  3932 | D:5      | Found a stormy altar of Qazlal.
  4031 | D:5      | Reached *** piety under Zin
  4092 | D:5      | Noticed Edmund
  4306 | D:5      | Reached skill level 7 in Stealth
  4407 | D:5      | Found a sacrificial altar of Ru.
  4514 | D:5      | Killed Edmund
  4514 | D:5      | Reached skill level 5 in Short Blades
  4953 | D:6      | Reached skill level 5 in Crossbows
  5242 | D:6      | Reached skill level 1 in Evocations
  5342 | D:6      | HP: 1/42 [orc warrior/hand axe of holy wrath (14)]
  5375 | D:6      | Reached XP level 9. HP: 5/46 MP: 6/13
  5717 | D:6      | Reached skill level 5 in Invocations
  5746 | D:6      | Reached skill level 8 in Stealth
  5841 | D:6      | Found a staircase to the Ecumenical Temple.
  7099 | D:7      | Reached skill level 5 in Fighting
  7497 | D:7      | Reached **** piety under Zin
  8024 | D:8      | Found a blossoming altar of Fedhas.
  8034 | D:8      | Got a polished hand axe
  8035 | D:8      | Identified the cursed +1 hand axe of Waanez {flame, rN+++ MP+9 Str-3 Int-3} (You found it on level 8 of the Dungeon)
  8051 | D:8      | Learned a level 2 spell: Blink
  8124 | D:8      | Reached XP level 10. HP: 31/51 MP: 15/15
  8179 | D:8      | Reached skill level 1 in Translocations
  8793 | D:9      | Reached skill level 9 in Stealth
  9715 | D:9      | Noticed Pikel
  9850 | D:9      | Killed Pikel
  9850 | D:9      | Reached skill level 1 in Spellcasting
 10110 | D:10     | Entered Level 10 of the Dungeon
 10110 | D:10     | Found a glowing silver altar of Zin.
 10142 | D:10     | Reached skill level 5 in Evocations
 10360 | D:10     | Reached ***** piety under Zin
 10512 | D:10     | Noticed a five-headed hydra
 10516 | D:10     | Killed a five-headed hydra
 10721 | D:10     | Noticed a two-headed ogre
 10809 | D:10     | Killed a two-headed ogre
 10809 | D:10     | Reached skill level 10 in Stealth
 10809 | D:10     | Reached XP level 11. HP: 20/56 MP: 15/17
 11077 | D:10     | Found a staircase to the Orcish Mines.
 11822 | D:11     | Noticed Harold
 11863 | D:11     | Killed Harold
 11927 | D:11     | Noticed Grum
 11973 | D:11     | Killed Grum
 12547 | D:11     | Found a staircase to the Lair.
 12616 | D:11     | Reached skill level 5 in Translocations
 13293 | D:12     | Reached skill level 11 in Stealth
 13401 | D:12     | Noticed a brown ugly thing
 13408 | D:12     | Killed a brown ugly thing
 13663 | D:12     | Slain by a manticore

Vault maps used:
D:1:      shiori_arrival_whats_in_store_for_you
D:2:      first_bread
D:3:      overflow_temple_1_default, trog_butcher_becter
D:4:      lemuel_doored_altar, kennysheep_generic_room_3
D:5:      trog_eyes_of_draining, nicolae_ru_path_of_blood, lemuel_crystal_altar,
          nicolae_qazlal_eye_of_the_storm, uniq_prince_ribbit1, uniq_edmund
D:6:      minmay_temple_entry_statues_pillars
D:8:      fedhas_altar_2, eino_small_chamber_without_monster, minivault_26
D:9:      cheibrodos_iron_armory, uniq_pikel
D:10:     erik_orc_3, basic_altar
D:11:     david_lair_generic, hangedman_little_slice_of_home, uniq_harold,
          uniq_grum
D:12:     wad_mini_maze

Skill      XL: |  1  2  3  4  5  6  7  8  9 10 11 |
---------------+----------------------------------+-----
Dodging        | 2 3 4 5 7 8 9 |  9.2
Short Blades   | 1 2 3 4 5 6 7 8 |  8.5
Stealth        | 4 5 6 7 8 10 11 | 11.3
Crossbows      | 1 2 3 4 5 6 8 9 |  9.0
Invocations    | 1 2 3 4 5 6 7 |  7.2
Fighting       | 4 5 6 |  6.1
Evocations     | 1 3 5 6 |  6.5
Translocations | 4 5 |  5.7
Spellcasting   | 2 4 |  4.3
Transmutations | |  2.6
Air Magic      | |  1.0

Action                   |  1- 3 |  4- 6 |  7- 9 | 10-12 || total
-------------------------+-------+-------+-------+-------++-------
Melee: Dagger            |       |     1 |   193 |   652 ||   846
       Short sword       |       |       |   110 |   123 ||   233
       Rapier            |       |       |       |   117 ||   117
 Fire: Hand crossbow     |   100 |    73 |   458 |    72 ||   703
Invok: Recite            |       |       |     8 |     9 ||    17
Evoke: Wand              |       |       |     3 |     7 ||    10
  Use: Scroll            |     4 |     7 |    11 |     7 ||    29
       Potion            |       |       |     7 |     4 ||    11
 Stab: Sleeping          |       |     1 |     2 |    33 ||    36
       Distracted        |       |       |       |     5 ||     5
       Confused          |       |       |       |     2 ||     2
       Invisible         |       |       |       |     1 ||     1
  Eat: Royal jelly       |       |       |     2 |     1 ||     3
       Fruit             |       |       |       |     3 ||     3
       Bread ration      |       |       |       |     1 ||     1
Armor: Robe              |     1 |       |    39 |    83 ||   123
Dodge: Dodged            |    35 |    21 |   320 |   596 ||   972
